Cogmind - Beta 16 @@@ ROGUE MODE // 2025.10.28 @ 19:22:05 Player: ClassActJerk Result: Destroyed by G-34 Mercenary with Small Laser Performance ------------- Evolutions (1) 500 Regions Visited (2) 400 Robots Destroyed (9) 45 Value Destroyed (271) 271 Prototype IDs (0) 0 Alien Tech Used (0) 0 Bonus (0) 0 TOTAL SCORE: 1216 Bonus ------- None Cogmind --------- Core Integrity 0/400 Matter 366/400 Energy 100/100 System Corruption 5% Temperature Cool (6) Movement Core (100) Ox1 Location -9/Materials Parts ------- > --- POWER (1) -------- (None) > --- PROPULSION (3) --- (None) > --- UTILITY (3) ------ Medium Matter Pod Targeting Computer > --- WEAPON (2) ------- Light Assault Rifle Heavy Hammer > --- INVENTORY (5) ---- (None) Peak State ------------ > --- POWER ------------ Ion Engine > --- PROPULSION ------- Aluminum Leg Aluminum Leg > --- UTILITY ---------- Medium Matter Pod ECM Suite Core Shielding > --- WEAPON ----------- EM Pulse Gun Light Cannon > --- INVENTORY -------- (None) [Rating: 8] Favorites ----------- Power Ion Engine Engine Ion Engine Propulsion Aluminum Leg Leg Aluminum Leg Utility Core Shielding Device ECM Suite Storage Medium Matter Pod Processor Targeting Computer Protection Core Shielding Weapon Light Cannon Energy Gun EM Pulse Gun Ballistic Gun Light Assault Rifle Ballistic Cannon Light Cannon Impact Weapon Heavy Hammer Build | -11 -10 -9 ------- Run | Yrd Mat Mat Slots Evolved 2 | . . 2 Power . | . . . Propulsion 1 | . . 1 Utility 1 | . . 1 Weapon . | . . . Parts Attached 19 | 6 3 10 Power 3 | 1 . 2 Engine 3 | 1 . 2 Core . | . . . Reactor . | . . . Propulsion 4 | 2 . 2 Treads . | . . . Leg 4 | 2 . 2 Wheel . | . . . Hover . | . . . Flight . | . . . Utility 5 | 1 2 2 Device 1 | . 1 . Storage 2 | 1 . 1 Processor 1 | . . 1 Hackware . | . . . Protection 1 | . 1 . Artifact . | . . . Weapon 7 | 2 1 4 Energy Gun 2 | 1 . 1 Energy Cannon . | . . . Ballistic Gun 2 | 1 . 1 Ballistic Cannon 2 | . 1 1 Launcher . | . . . Special Weapon . | . . . Impact Weapon 1 | . . 1 Slashing Weapon . | . . . Piercing Weapon . | . . . Special Melee Weapon . | . . . Unidentified Prototypes . | . . . Corrupted Parts 1 | . . 1 System Corruption 4 | . . 4 Parts Lost 8 | . . 8 Power 1 | . . 1 Propulsion 3 | . . 3 Utility 2 | . . 2 Weapon 2 | . . 2 Highest Loss Streak 6 | . . 6 To Critical Strikes . | . . . Average Backups 1 | 2 2 1 Power . | 1 1 . Propulsion . | 1 . . Utility . | . . . Weapon . | . 1 . Tool/Special . | . . . Unused Backups 1 | 1 . . Power . | . . . Propulsion 1 | 1 . . Utility . | . . . Weapon . | . . . Tool/Special . | . . . Average Slot Usage (%) 76 | . 96 71 Engine 10 | . 14 9 Leg 20 | . 28 18 Device 10 | . 10 10 Storage 6 | . 3 6 Protection 10 | . 11 10 Energy Gun 2 | . 6 1 Ballistic Gun 6 | . 14 4 Ballistic Cannon 9 | . 7 9 Peak Build Rating 8 | 6 7 8 Average Rating 6 | 3 6 6 On Entrance 4 | . 6 7 Avg Prop Armor Cover (%) . | . . . Naked Turns . | . . . Heaviest Build 15 | 13 13 15 Greatest Support 20 | 20 20 20 Greatest Overweight (x) 2 | 2 . 1 Average Overweight (x) . | . . . Largest Inventory Capacity 8 | 8 8 5 Average Capacity 5 | 7 5 5 Most Carried 5 | 5 5 5 Average Carried 1 | 2 2 1 Final Capacity 8 | 8 5 5 Final Carried 3 | 1 3 . Class Distribution -------------------- 100% | Mutant Dominant Class ---------------- Mutant | -10/Materials Mutant | -9/Materials Resources | -11 -10 -9 ----------- Run | Yrd Mat Mat Matter Collected 464 | 176 97 191 Remotely . | . . . Salvage Created 269 | . 96 173 Parts 13 | . 3 10 Haulers Intercepted . | . . . Recyclers Shooed . | . . . Parts Field Recycled . | . . . Retrieved Matter . | . . . Parts Self-Destructed . | . . . Prevented . | . . . Parts Restored . | . . . Kills | -11 -10 -9 ------- Run | Yrd Mat Mat Combat Hostiles Destroyed 8 | . 2 6 Melee 1 | . . 1 Guns 4 | . 2 2 Cannons 2 | . . 2 AOE 1 | . . 1 Classes Destroyed 4 | . 2 2 Watcher 1 | . 1 . Swarmer 2 | . . 2 Grunt 5 | . 2 3 Sentry 1 | . . 1 Best Kill Streak 2 | . 2 2 Combat Bots Only 2 | . 2 2 Max Kills in Single Turn 1 | . 1 1 Gunslinging . | . . . Exploded 1 | . . 1 Melee 1 | . . 1 Uniques/NPCs Destroyed . | . . . Combat | -11 -10 -9 -------- Run | Yrd Mat Mat Hostile Shots Fired 166 | . 33 133 Missed 50 | . 10 40 Hits 116 | . 23 93 Projectile 116 | . 23 93 Critical Strikes 1 | . . 1 Damage Taken 1383 | . 274 1109 Core 417 | . 10 407 Absorbed by Shields . | . . . Redirected to Shielding 47 | . 2 45 Core Remaining (%) 98 | 100 96 . Volleys Fired 25 | . 8 17 Largest 2 | . 2 2 Hottest 70 | . 60 70 Shots Fired 44 | . 16 28 Gun 30 | . 15 15 Cannon 14 | . 1 13 Launcher . | . . . Special . | . . . Kinetic 35 | . 9 26 Thermal . | . . . Explosive . | . . . Electromagnetic 9 | . 7 2 Robot Hit Streak 8 | . 6 8 Robot Miss Streak 3 | . 3 2 Penetration Max . | . . . Secondary Targets . | . . . Shots Hit Robots 31 | . 10 21 Core Hits 14 | . 5 9 Critical Kills . | . . . Critical Parts Destroyed . | . . . Critical Strikes . | . . . Melee Attacks 2 | . . 2 Impact 2 | . . 2 Slashing . | . . . Piercing . | . . . Sneak Attacks . | . . . Combat Hostiles . | . . . Follow-up Attacks . | . . . Damage Inflicted 510 | . 106 404 Guns 189 | . 91 98 Cannons 141 | . 15 126 Explosions 56 | . . 56 Melee 95 | . . 95 Ramming 29 | . . 29 Kinetic 270 | . 67 203 Thermal 56 | . . 56 Explosive . | . . . Electromagnetic 60 | . 39 21 Impact 95 | . . 95 Slashing . | . . . Piercing . | . . . Highest Corruption 5 | . . 5 Average Corruption 1 | . . 1 Corruption Purged . | . . . Corruption Blocked . | . . . Effects 1 | . . 1 Message Errors 1 | . . 1 Overload Shots . | . . . Overflow Damage 21 | . . 21 Projectiles . | . . . Explosions 1 | . . 1 Melee 20 | . . 20 Knockbacks 3 | . . 3 Impact . | . . . Kinetic 3 | . . 3 Secondary . | . . . Self-Inflicted Damage 44 | . . 44 Shots 1 | . . 1 Rammed 8 | . . 8 Targets Rammed 8 | . . 8 Kicked . | . . . Crushed . | . . . Highest Temperature 58 | . 58 12 Average Temperature 17 | . 28 6 Received Heat Transfer 477 | . 153 324 Siege Activations . | . . . Martial Activations . | . . . Shielding Activations . | . . . Robots Disrupted . | . . . Combat Hostiles . | . . . Robots Corrupted . | . . . Combat Hostiles . | . . . Parts Fried . | . . . Impact Corruptions 1 | . . 1 Robots Melted . | . . . Combat Hostiles . | . . . Parts Melted . | . . . Heat Transferred 50 | . . 50 Parts Sabotaged . | . . . Parts Stolen . | . . . Parts Stripped . | . . . Power Chain Reactions 1 | . . 1 Alert | -11 -10 -9 ------- Run | Yrd Mat Mat Maximum Alert Level . | . . . Low Security (%) 100 | 100 100 100 Level 1 . | . . . Level 2 . | . . . Level 3 . | . . . Level 4 . | . . . Level 5 . | . . . High Security . | . . . Max Security . | . . . Peak Influence 64 | . 40 64 Initial . | . . . Average 10 | . 10 10 Influence Increases 291 | . 57 234 Destroy 0b10 Robot/C 160 | . 40 120 Destroy 0b10 Robot/NC 5 | . 5 . Destroy Leader 42 | . 12 30 Successful Hack 5 | . . 5 Disable Machine 30 | . . 30 Destroy Structure 4 | . . 4 Partial Spotted 15 | . . 15 Lose Combat Pursuer 30 | . . 30 Influence Decreases 227 | . 57 170 Time Decay 217 | . 57 160 Lost Part 10 | . . 10 Squads Dispatched 3 | . 2 1 Investigation 1 | . 1 . Extermination . | . . . Reinforcement 2 | . 1 1 Assault . | . . . Garrison . | . . . Intercept . | . . . Searches Triggered . | . . . Construction Impeded . | . . . Haulers Reinforced . | . . . Active Scanning Responses . | . . . Cargo Convoy Interrupts . | . . . Stealth | -11 -10 -9 --------- Run | Yrd Mat Mat Distress Signals . | . . . Communications Jammed . | . . . Distress Signals . | . . . Times Spotted 29 | . 11 18 Peak Tracking Total 8 | . 4 8 Tactical Retreats 7 | . 2 5 ECM-based Alert Blocks 12 | . 4 8 Traps | -11 -10 -9 ------- Run | Yrd Mat Mat Traps Triggered 1 | . . 1 Indirectly . | . . . Trap Hack Attempts . | . . . Triggered . | . . . Disarmed . | . . . Reprogrammed . | . . . Reused . | . . . Traps Extracted . | . . . Installed . | . . . Triggered . | . . . Machines | -11 -10 -9 ---------- Run | Yrd Mat Mat Machines Disabled 2 | . . 2 Max in Single Turn 1 | . . 1 Machines Repaired . | . . . Machines Dismantled . | . . . Machines Sabotaged . | . . . Overloaded Fab Kills . | . . . Hacking | -11 -10 -9 --------- Run | Yrd Mat Mat Machines Accessed 3 | . 1 2 Terminals 3 | . 1 2 Fabricators . | . . . Repair Stations . | . . . Recycling Units . | . . . Scanalyzers . | . . . Garrison Access . | . . . Total Hacks 7 | . 4 3 Successful 2 | . . 2 Failed 5 | . 4 1 Catastrophic . | . . . Database Lockouts . | . . . Manual . | . . . Terminals 7 | . 4 3 Fabricators . | . . . Repair Stations . | . . . Recycling Units . | . . . Scanalyzers . | . . . Garrison Access . | . . . Terminal Hacks 2 | . . 2 Alert Level 1 | . . 1 Zone Layout 1 | . . 1 Fabricator Hacks . | . . . Repair Station Hacks . | . . . Recycling Unit Hacks . | . . . Scanalyzer . | . . . Garrison Access Hacks . | . . . Unauthorized Hacks . | . . . Terminals . | . . . Fabricators . | . . . Repair Stations . | . . . Recycling Units . | . . . Scanalyzers . | . . . Garrison Access . | . . . Data Cores Recovered . | . . . Used . | . . . Hacking Detections 2 | . 1 1 Full Trace Events 1 | . 1 . Feedback Events . | . . . Feedback Blocked . | . . . Robot Schematics Acquired . | . . . Robots Built . | . . . Authchips . | . . . Time . | . . . Total Robot Build Rating . | . . . Part Schematics Acquired . | . . . Parts Built . | . . . Authchips . | . . . Time . | . . . Total Part Build Rating . | . . . Part Studies Acquired . | . . . Parts Repaired . | . . . Time . | . . . Parts Recycled . | . . . Recycled Matter . | . . . Retrieved Matter . | . . . Retrieved Components . | . . . Parts Scanalyzed . | . . . Part Schematics Acquired . | . . . Parts Damaged . | . . . Bothacking | -11 -10 -9 ------------ Run | Yrd Mat Mat Used RIF Installer . | . . . Robots Hacked . | . . . Non-combat . | . . . Combat . | . . . Robot Hacks Applied . | . . . Relay Couplers Released . | . . . Fabnet Peak Effective % . | . . . Robots Rewired . | . . . Allies Hacked . | . . . Hacks Repelled . | . . . Allies | -11 -10 -9 -------- Run | Yrd Mat Mat Total Allies . | . . . Largest Group . | . . . Highest-Rated Group . | . . . Highest-Rated Ally . | . . . Total Orders . | . . . Ally Attacks . | . . . Total Damage . | . . . Kills . | . . . Allies Corrupted . | . . . Allies Melted . | . . . Intel | -11 -10 -9 ------- Run | Yrd Mat Mat Active Infowar (turns) 801 | . 144 657 ECM 801 | . 144 657 Robot Analysis Total . | . . . Derelict Logs Recovered . | . . . Drone Launches . | . . . Drone Recoveries . | . . . Exploration | -11 -10 -9 ------------- Run | Yrd Mat Mat Turns Passed 959 | 60 184 715 Spaces Moved 715 | 48 128 539 Core 90 | 29 . 61 Treads . | . . . Legs 625 | 19 128 478 Wheels . | . . . Hover . | . . . Flight . | . . . Fastest Speed 50 | 50 120 50 Average Speed 117 | 98 120 117 Slowest Speed 190 | 150 120 190 Overloaded Moves . | . . . Propulsion Burnouts . | . . . Robots Hopped . | . . . Potential Cave-ins . | . . . Cave-ins Triggered . | . . . Exploration Rate (%) 25 | 4 35 37 Regions Visited 2 Branch Regions . Pre-discovered Areas . | . . . Known Exits Taken . | . . . Unknown Exits Taken 2 | 1 1 . Scrap Searched . | . . . Spaces Dug . | . . . Terrain Destroyed 2 | . . 2 Melee . | . . . Projectile . | . . . AOE 2 | . . 2 Terrain Rammed . | . . . Walls Destroyed . | . . . Machines Disabled . | . . . Actions | -11 -10 -9 --------- Run | Yrd Mat Mat Total 796 | 60 145 591 Wait 3 | . . 3 Move 713 | 47 127 539 Hop . | . . . Pick Up 18 | 6 5 7 Fast Attach 2 | 2 . . Attach 14 | 4 3 7 Detach . | . . . Swap 3 | . . 3 Drop 8 | 1 2 5 Fire 25 | . 8 17 Melee 2 | . . 2 Ram 8 | . . 8 Kick . | . . . Crush . | . . . Escape Stasis . | . . . Rewire . | . . . Trap . | . . . Miscellaneous . | . . . Route ------- -11/Scrapyard -10/Materials -9/Materials (discovered 1 exit: [*Min]) History --------- Turn | Location | Event 3 | -11/Scrapyard | Discovered new exit (range 15) 61 | -11/Scrapyard | Entered Materials 232 | -10/Materials | Discovered new exit (range 12) 245 | -10/Materials | Entered another Materials area 245 | -9/Materials | Evolved 2 slots: Propulsion x1, Utility x1 315 | -9/Materials | Build established: Mutant 891 | -9/Materials | Discovered new exit (range 15) 906 | -9/Materials | Core integrity fell below 50% 929 | -9/Materials | Core integrity fell below 20% 938 | -9/Materials | Lost 6 parts (1p2n2u1w) 960 | -9/Materials | Destroyed by G-34 Mercenary with Small Laser Last Messages --------------- 00908_ Slammed into Y-45 Defender. 00909_ Slammed into R-06 Scavenger. 00911_ Destabilizing: System corrupted (+1). 00913_ S-10 Pest destroyed. 00928_ K-01 Serf cleans the Fusion Modulator. 00928_ Triggered Explosive Trap. 00928_ An explosion rips through the floor. 00935_ Acquired Targeting Computer. 00939_ Acquired Hvy. Hammer. 00943_ Destroyed Lgt. Ion Engine. 00943_ S-10 Pest system corrupted by crushing effect. 00943_ S-10 Pest destroyed. 00948_ Acquired 11 matter. 00952_ Acquired Corrupted Lgt. Assault Rifle. 00953_ Integrated Corrupted Lgt. Assault Rifle (+4). [Achievement: A Problem For Future Me] 00955_ SSQVXMLXHTJ2A:BWK9PQCFE, 00956_ S-10 Pest destroyed. Map ----- +----------------------------------------------------+ | ?????????????????????????????????????# #??? | | ?????????????????????????????????????# "" = #??? | | ?????????????????????????????????????# "T #### | | ?????????????????????????????????????# "" / | | ?????????????????????????????????????# #### | | ?????????????????????????????????????##########??? | | ?????????????????????????????????????# ####### | | ?????????????????????????????????????# ! / | | ?????????????????????????????????????# ## | | ????????????????????????#+##+#???????# ## | | ????????????????????????# ##########/##### | | ????????????????????????# #### | | ????????????????????????# | | ????????????????????????# | | ????????????????????????# """ """ """ """ "" | | ????????????????????????# "R """ """ """ "" | | ???????????############## """ """ """ """ "" | | ???????????# | | ???????????# | | ???????????# | | ???????????# ####+#### | | ???????????? ????# ## """ ### [[ | | ????????????????????+ """ Y## """"" #?# [[ | | ????????????????????# """ ## """"" #?# [ | | ????????????????????# """ ## """"" #?? | | ????????????????????# @ g ## """ #???? | | ????????????????????# ! ## #???? | | ????????????????????# !! % ## #????? | | ????????????????????# !! = ## #??????? | | ????????????????????# ##############??????? | | ????????????????????##########???????????????????? | | ?????????????????????????????????????????????????? | | | | | | | | | | | | | | | | | | | | | | | | | | | | | | | | | | | | | +----------------------------------------------------+ Best States ------------- Heat Dissipation 28 Energy Generation 10 Energy Capacity 250 Matter Stores 389 Matter Capacity 400 Sight Range 16 Terrain Scan Density 10 ECM Strength 1 Core Shielding 20 Evasion (%) 55 Targeting Accuracy 5 Item Schematics ----------------- None Robot Schematics ------------------ None Fabricated ------------ Nothing Repaired ---------- Nothing Studied --------- None Alien Tech Used ----------------- None Achievements -------------- A Problem For Future Me Challenges ------------ None Game ------ Seed CloakIonSpoofer Manual? 0 Play Time 00:11:20 Cumulative 13.4 hours Start 2025.10.28 @ 19:11:56 End 2025.10.28 @ 19:22:05 Sessions 1 Manual Loads 0 Difficulty Rogue Special Mode None Game No. 39 Rogue 39 Adventurer 0 Explorer 0 Win Type - Total 0 Types 0/0/0/0/0/0/0/0/0/0 Lore% 5 Gallery% 15 Achievement% 9 Wizard Run 0 Options --------- Layout 1 ASCII 0 Keyboard 0 Movement Mouse Keybinds 0 Fullscreen 1 Font 24/Smallcaps Map View 50x35 Zoom Use 3% Tactical HUD 1 Map Filters NONE Filters NONE Steam 1 RUN: b3f9aa76-d2c8-44bd-ba3a-a524220e25af